 Dungeon Crawl Stone Soup version 0.24.0-1-gfbc8707 (webtiles) character file.

Game seed: 7241088470315942074, levelgen mode: deterministic

30452 shmeve the Fighter (level 13, -1/125 HPs)
             Began as a Minotaur Berserker on Nov 5, 2019.
             Was a High Priest of Trog.
             Slain by a ten-headed hydra (11 damage)
             ... on level 2 of the Lair of Beasts.
             The game lasted 00:23:37 (16039 turns).

shmeve the Fighter (Minotaur Berserker)            Turns: 16039, Time: 00:23:39

Health: -1/125     AC: 17    Str: 24    XL:     13   Next: 20%
Magic:  12/12      EV: 11    Int:  6    God:    Trog [*****.]
Gold:   964        SH:  0    Dex: 11    Spells: 12/12 levels left

rFire    . . .     SeeInvis .   R - +7 executioner's axe of Insufficient Pleasure {chop, rF- MR++ Stlth+}
rCold    + . .     Gourm    .   (shield currently unavailable)
rNeg     . . .     Faith    .   J - +0 plate armour
rPois    .         Spirit   .   (helmet restricted)
rElec    .         Reflect  .   O - scarf {rC+ rF+}
rCorr    +         Harm     .   E - +0 pair of gloves
MR       ++...                  p - +0 pair of boots
Stlth    ..........             (no amulet)
HPRegen  0.30/turn              l - ring of resist corrosion
MPRegen  0.13/turn              (no ring)

@: no status effects
A: retaliatory headbutt, horns 2
a: Berserk, Trog's Hand, Brothers in Arms, Renounce Religion


You were on level 2 of the Lair of Beasts.
You worshipped Trog.
Trog was extremely pleased with you.
You were not hungry.

You visited 3 branches of the dungeon, and saw 16 of its levels.
You also visited: Sewer.

You collected 964 gold pieces.

Inventory:

Hand Weapons
 z - the +3 hand axe "Gyhorch" {antimagic, Dex+8}
   (You found it on level 9 of the Dungeon)

   It reduces the magical energy of the wielder, and disrupts the spells and
   magical abilities of those hit.
   Natural abilities and divine invocations are not affected.
   It affects your dexterity (+8).
 R - the +7 executioner's axe of Insufficient Pleasure (weapon) {chop, rF- MR++ Stlth+}
   (Trog gifted it to you on level 11 of the Dungeon)

   It inflicts extra damage upon your enemies.
   It makes you vulnerable to fire.
   It affects your resistance to hostile enchantments.
   It makes you more stealthy.
Missiles
 t - 11 javelins (quivered)
 B - 16 silver javelins
Armour
 p - a +0 pair of boots (worn)
 w - a +2 chain mail of poison resistance
 E - a +0 pair of gloves (worn)
 J - a +0 plate armour (worn)
 O - a scarf of resistance (worn)
Jewellery
 l - a ring of resist corrosion (left hand)
 Q - a +5 amulet of reflection {unknown}
 S - a +6 amulet of reflection {unknown}
Wands
 n - a wand of iceblast (7)
 u - a wand of random effects (39)
 F - a wand of paralysis (22)
 P - a wand of enslavement (4)
 U - a wand of digging (5)
 V - a wand of disintegration (6)
Scrolls
 e - 4 scrolls of fear
 f - 6 scrolls of identify
 g - 6 scrolls of teleportation
 q - 4 scrolls of random uselessness {unknown}
 r - a scroll of noise {unknown}
 s - a scroll of torment {unknown}
 y - 2 scrolls of blinking {unknown}
 A - 2 scrolls of enchant armour
 C - 5 scrolls of immolation {unknown}
 D - 4 scrolls of enchant weapon {unknown}
 G - 7 scrolls of amnesia {unknown}
 I - 5 scrolls of remove curse
 K - 2 scrolls of summoning {unknown}
 M - 2 scrolls of magic mapping {unknown}
 T - a scroll of fog {unknown}
Potions
 a - 4 potions of flight {unknown}
 b - 2 potions of resistance
 d - 8 potions of heal wounds {unknown}
 h - 2 potions of curing {unknown}
 i - a potion of agility {unknown}
 j - a potion of berserk rage {unknown}
 k - a potion of lignification {unknown}
 m - a potion of mutation {unknown}
 o - 2 potions of cancellation {unknown}
 v - 2 potions of might {unknown}
 x - 6 potions of haste {unknown}
 H - a potion of ambrosia {unknown}
 L - 3 potions of magic {unknown}
 N - a potion of degeneration {unknown}
 W - a potion of brilliance {unknown}
Comestibles
 c - 27 rations


   Skills:
 * Level 14.3 Fighting
 * Level 14.3 Axes
 + Level 8.7 Throwing
 + Level 10.5 Armour
 + Level 9.9 Dodging


You had 12 spell levels left.
You didn't know any spells.
Your spell library was empty.

Dungeon Overview and Level Annotations

Branches:
Dungeon (13/15)            Temple (1/1) D:7            Lair (2/6) D:8
    Orc (0/2) D:11         Vaults (0/5) D:13          Sewer (visited)
  Swamp: Lair:2-4    Shoals: Lair:2-4     Snake: Lair:2-4    Spider: Lair:2-4

Altars:
Ashenzari
Cheibriados
Gozag
Hepliaklqana
Okawaru
Qazlal
Uskayaw
Zin

Annotations:
D:8 2 transporters, shmeve's ghost, novice MiBe


Innate Abilities, Weirdness & Mutations

You reflexively headbutt those who attack you in melee.
You have a pair of horns on your head.


Message History

* * * LOW HITPOINT WARNING * * *
The ten-headed hydra bites you but does no damage. x2
The ten-headed hydra misses you.
The ten-headed hydra bites you but does no damage.
The ten-headed hydra barely misses you.
The ten-headed hydra bites you but does no damage. x2
The ten-headed hydra bites you.
* * * LOW HITPOINT WARNING * * *
The ten-headed hydra bites you.
* * * LOW HITPOINT WARNING * * *
The ten-headed hydra bites you.
* * * LOW HITPOINT WARNING * * *
The ten-headed hydra bites you but does no damage. x2
The ten-headed hydra barely misses you. The ten-headed hydra bites you!
* * * LOW HITPOINT WARNING * * *
The ten-headed hydra bites you.
* * * LOW HITPOINT WARNING * * *
The ten-headed hydra bites you but does no damage.
The ten-headed hydra bites you!
You die...

.. .. ###.+
... ..##
###+#..###
#.....D..#
##...@†..#.#
#...........#
##...........
#<........P#
#.......P.##
#..)....###
#.......#
.........#
##.......##


You could see a ten-headed hydra.

Vanquished Creatures
  An ironheart preserver (D:13)
  Josephine (D:11)
  The ghost of XxsatanxX the Basher, a journeyman MiBe of Trog (Lair:1)
  2 hydras
  Fannar (Lair:1)
  2 two-headed ogres
  Urug (Lair:1)
  A fire crab (shapeshifter) (D:13)
  Pikel (D:5)
  2 ugly things
  3 cyclopes
  A centaur zombie (D:12)
  Maurice (D:8)
  3 manticores
  A gargoyle (D:13)
  A kobold demonologist (D:12)
  An efreet (D:13)
  A komodo dragon (D:8)
  4 trolls
  3 polar bears (D:11)
  A tengu conjurer (D:13)
  2 hornets
  8 hippogriffs
  Sigmund (D:5)
  2 shadows (D:13)
  22 yaks
  2 wyverns
  5 hogs
  A human (D:7)
  5 wraiths
  5 hungry ghosts
  An acid dragon (D:10)
  A soldier ant (D:12)
  2 porcupines (Lair:1)
  4 orc warriors
  Purgy (Sewer)
  2 sky beasts
  4 black bears
  A necrophage (D:13)
  6 ice beasts
  7 ogres
  4 phantoms
  9 centaurs
  A big kobold (D:12)
  A crocodile (Lair:2)
  13 bullfrogs
  3 scorpions
  A troll zombie (D:11)
  13 killer bees
  7 wights
  9 howler monkeys
  A bullfrog zombie (D:13)
  8 crimson imps
  5 jellies
  A quasit (D:5)
  8 orc priests
  Ijyb (D:5)
  3 centaur skeletons
  5 hounds
  6 orc wizards
  2 bullfrog skeletons (D:13)
  8 iguanas
  13 worker ants
  5 ogre zombies (D:11)
  4 hound skeletons
  A worker ant zombie (D:6)
  8 gnolls
  A howler monkey zombie (D:4)
  10 adders
  A river rat (D:3)
  A shadow imp (D:11)
  3 adder skeletons
  3 worms
  2 dart slugs
  4 leopard geckos
  33 orcs
  A ball python (D:5)
  7 bats
  6 giant cockroaches
  6 hobgoblins
  16 jackals
  15 kobolds
  4 quokkas
  8 frilled lizards
  9 goblins
  A goblin zombie (D:11)
  4 hobgoblin skeletons (D:11)
  3 hobgoblin zombies (D:11)
  A leopard gecko skeleton (D:4)
  A leopard gecko zombie (D:5)
  2 orc skeletons (D:11)
  9 orc zombies (D:11)
  A quokka skeleton (D:8)
  4 rats
411 creatures vanquished.

Vanquished Creatures (others)
  A plant (D:8)
1 creature vanquished.

Grand Total: 412 creatures vanquished

Notes
Turn   | Place    | Note
-------+----------+-------------------------------------------
     0 | D:1      | shmeve the Minotaur Berserker began the quest for the Orb.
     0 | D:1      | Reached XP level 1. HP: 19/19 MP: 0/0
   144 | D:1      | Reached XP level 2. HP: 21/27 MP: 1/1
   738 | D:2      | Found a faded altar of an unknown god.
   977 | D:2      | Reached XP level 3. HP: 27/33 MP: 2/2
  1367 | D:2      | Reached ** piety under Trog
  1367 | D:2      | Reached skill level 1 in Throwing
  2008 | D:3      | Reached XP level 4. HP: 41/41 MP: 3/3
  2249 | D:3      | Found a glowing drain.
  2253 | Sewer    | Entered a sewer
  2361 | Sewer    | Noticed Purgy
  2369 | Sewer    | Killed Purgy
  2369 | Sewer    | Reached skill level 5 in Fighting
  2369 | Sewer    | Reached skill level 5 in Axes
  2369 | Sewer    | Reached XP level 5. HP: 48/48 MP: 4/4
  2819 | D:3      | Reached *** piety under Trog
  2835 | D:3      | Reached XP level 6. HP: 46/56 MP: 5/5
  3288 | D:4      | Found a shattered altar of Ashenzari.
  3301 | D:4      | Noticed an orc warrior
  3311 | D:4      | Killed an orc warrior
  3584 | D:4      | Reached XP level 7. HP: 63/63 MP: 6/6
  4092 | D:5      | Entered Level 5 of the Dungeon
  4201 | D:5      | Noticed Pikel
  4205 | D:5      | Paralysed by Pikel for 5 turns
  4214 | D:5      | Killed Pikel
  4214 | D:5      | Reached XP level 8. HP: 73/73 MP: 7/7
  4364 | D:5      | Reached **** piety under Trog
  4427 | D:5      | Noticed Ijyb
  4428 | D:5      | Noticed Sigmund
  4432 | D:5      | Killed Ijyb
  4437 | D:5      | Killed Sigmund
  4437 | D:5      | Reached skill level 5 in Armour
  4453 | D:5      | Found an opulent altar of Gozag.
  4566 | D:5      | Reached skill level 5 in Dodging
  4611 | D:5      | Found an opulent altar of Gozag.
  5046 | D:6      | Reached XP level 9. HP: 82/82 MP: 8/8
  5247 | D:6      | Received a gift from Trog
  5874 | D:7      | Reached skill level 5 in Throwing
  6102 | D:7      | Reached ***** piety under Trog
  6104 | D:7      | Reached XP level 10. HP: 79/93 MP: 9/9
  6109 | D:7      | Reached skill level 10 in Fighting
  6109 | D:7      | Reached skill level 10 in Axes
  6361 | D:7      | Received a gift from Trog
  6625 | D:7      | Found a staircase to the Ecumenical Temple.
  6634 | Temple   | Entered the Ecumenical Temple
  6790 | D:8      | Noticed Maurice
  6798 | D:8      | Killed Maurice
  6868 | D:8      | Noticed shmeve's ghost (novice MiBe)
  7097 | D:8      | Found a transporter.
  7101 | D:8      | Found a transporter.
  7320 | D:8      | Noticed a cyclops
  7328 | D:8      | Killed a cyclops
  7611 | D:8      | Found a staircase to the Lair.
  7667 | D:8      | Noticed a brown ugly thing
  7676 | D:8      | Killed a brown ugly thing
  7771 | D:8      | Noticed a cyclops
  7787 | D:8      | Killed a cyclops
  7787 | D:8      | Reached XP level 11. HP: 57/102 MP: 10/10
  7959 | D:8      | Got a faintly glowing war axe
  7959 | D:8      | Got a slimy ring mail
  7970 | D:8      | Identified the +9 ring mail of Pleasant Breezes {rF+ rC+
                  | MR+ Slay-2} (You found it on level 8 of the Dungeon)
  7970 | D:8      | Identified the +4 war axe "Najus" {chop, MR- MP+9 Dex+3}
                  | (You found it on level 8 of the Dungeon)
  8760 | D:9      | Got a crude hand axe
  8761 | D:9      | Identified the +3 hand axe "Gyhorch" {antimagic, Dex+8}
                  | (You found it on level 9 of the Dungeon)
  8782 | D:9      | Noticed a two-headed ogre
  8795 | D:9      | Killed a two-headed ogre
  9421 | D:10     | Entered Level 10 of the Dungeon
  9485 | D:10     | Received a gift from Trog
 10630 | D:11     | Received a gift from Trog
 10738 | D:11     | Found a staircase to the Orcish Mines.
 10843 | D:11     | Received a gift from Trog
 10846 | D:11     | Got an iridescent executioner's axe {god gift}
 10847 | D:11     | Identified the +7 executioner's axe of Insufficient
                  | Pleasure {chop, rF- MR++ Stlth+} (Trog gifted it to you on
                  | level 11 of the Dungeon)
 10885 | D:11     | Noticed Josephine
 10895 | D:11     | Killed Josephine
 11113 | D:11     | Found a huge runed translucent gate.
 11114 | D:11     | Found a huge runed translucent gate.
 11115 | D:11     | Found a huge runed translucent gate.
 11118 | D:11     | Found a huge runed translucent gate.
 11131 | D:11     | Reached XP level 12. HP: 113/113 MP: 11/11
 12411 | D:12     | Received a gift from Trog
 12737 | D:13     | Paralysed by a hornet for 2 turns
 12943 | D:13     | Received a gift from Trog
 13458 | D:13     | Reached skill level 10 in Armour
 13810 | D:13     | Found a gate to the Vaults.
 13810 | D:13     | Noticed an ironheart preserver
 13817 | D:13     | Killed an ironheart preserver
 13943 | D:13     | Noticed a seven-headed hydra
 13948 | D:13     | Killed an eight-headed hydra
 13951 | D:13     | Received a gift from Trog
 14160 | D:13     | Noticed a two-headed ogre
 14169 | D:13     | Killed a two-headed ogre
 14169 | D:13     | Reached XP level 13. HP: 70/124 MP: 12/12
 14973 | Lair:1   | Entered Level 1 of the Lair of Beasts
 15409 | Lair:1   | Noticed Urug
 15423 | Lair:1   | Killed Urug
 15602 | Lair:1   | Found a runed translucent door.
 15626 | Lair:1   | Noticed XxsatanxX's ghost (journeyman MiBe)
 15634 | Lair:1   | Killed XxsatanxX's ghost
 15781 | Lair:1   | Noticed Fannar
 15790 | Lair:1   | Killed Fannar
 16039 | Lair:2   | Slain by a ten-headed hydra

Levels and vault maps discovered:
D:1:      dpeg_arrival_houses_and_road, layout_loops_ring
D:2:      layout_loops_ring, chequers_ecumenical_altar_simple,
          serial_park_tiny_1
D:3:      layout_loops_corners, gup_sewer_entry_bowl, minmay_misc_feat_enclosed
D:4:      layout_loops_ring, first_ration, evilmike_ruin_ashenzari
D:5:      layout_loops_ring, nicolae_gozag_cash_rules_everything_around_me,
          st_stairs_14, chequers_serial_rivers_micro_b, kennysheep_flooded_box,
          uniq_pikel, uniq_sigmund, uniq_ijyb
D:6:      minmay_opposing_rooms, layout_basic, minmay_misc_feat_hallway
D:7:      layout_loops_ring, lemuel_temple_firewalk_b, st_stairs_3,
          grunt_livestock
D:8:      layout_cave_pods, david_lair_shrubbed, gammafunk_ghost_hive,
          minmay_the_grid_2x2 [minmay_the_grid_plusring,
          minmay_the_grid_holed_spiral, minmay_the_grid_paths,
          minmay_the_grid_prize_shrinking_boxes], uniq_maurice
D:9:      layout_grid_maze
D:10:     layout_basic
D:11:     lemuel_bear_cage, layout_irregular_city, zombieorc1_lemuel,
          chequers_mini_garden, minmay_misc_feat_iff, uniq_josephine
D:12:     layout_rooms
D:13:     layout_irregular_city, skrybe_vaults_entry_preservation
Temple:   compressed_dpeg_triangle_lava_temple
Lair:1:   layout_cave_pods, ebering_ghost_reflecting_pool, st_stairs_9,
          lemuel_fruit_tree, uniq_fannar, uniq_urug
Lair:2:   layout_roguey, elwin_shoals_entry_rocks

Skill      XL: |  1  2  3  4  5  6  7  8  9 10 11 12 |
---------------+-------------------------------------+-----
Fighting       | 4 5 6 7 8 9 11 12 14 | 14.3
Axes           | 4 5 7 8 9 11 12 14 | 14.3
Throwing       | 1 2 3 4 5 6 7 8 |  8.7
Armour         | 3 4 5 6 8 9 10 | 10.5
Dodging        | 3 4 5 6 7 8 9 |  9.9

Action                   |  1- 3 |  4- 6 |  7- 9 | 10-12 | 13-15 || total
-------------------------+-------+-------+-------+-------+-------++-------
Melee: Hand axe          |    81 |    77 |       |   178 |       ||   336
       Headbutt          |    12 |    17 |    44 |   124 |     7 ||   204
       War axe           |       |    16 |   184 |   174 |       ||   374
       Executioner's axe |       |       |       |   148 |    38 ||   186
Throw: Boomerang         |       |       |    17 |       |       ||    17
       Javelin           |       |       |       |    11 |    10 ||    21
Invok: Berserk           |       |     5 |     6 |    18 |     2 ||    31
       Trog's Hand       |       |       |       |     2 |       ||     2
  Use: Scroll            |     4 |       |     1 |     1 |       ||     6
 Stab: Sleeping          |     1 |       |       |       |       ||     1
  Eat: Chunk             |     3 |     6 |    14 |    28 |     1 ||    52
       Ration            |       |     1 |       |     6 |     2 ||     9
Armor: Animal skin       |    14 |       |       |       |       ||    14
       Chain mail        |     5 |    48 |    46 |       |       ||    99
       Plate armour      |       |       |   107 |   338 |    54 ||   499
Dodge: Dodged            |    59 |    56 |   104 |   308 |    47 ||   574
